AoeStats
← jusart.92

Fortress

509924140Analyzed
4v4 RM · 4d ago on Sep 28, 2026· 47m 2s· 8 players
Game mode
Random Map
Map size
Huge
Population
200
Speed
Normal
Resources
Standard
Victory
Conquest
Starting age
Dark Age
Ending age
Imperial Age
RankedLock teamsTeams togetherTeam positionsShared explorationLock speedFull tech treeHidden civsTurbo modeCheats
Victory
Defeat
🇩🇪 Dravidians · Germany
1252
+18
🇷🇴 Malay · Romania
1222
+19
🇫🇷 Hindustanis · France
1211
+19
🇿🇦 Lithuanians · South Africa
1188
+20
🇹🇷 Persians · Türkiye
1314
-20
🇨🇳 Franks · China
1314
-20
🇹🇼 Mongols · Taiwan
1284
-19
🇲🇽 Varangians · Mexico
1228
-17
lokiuupt
7:30 Feudal Age
11:30 Castle Age
9:25 Double-Bit Axe
9:52 Horse Collar
12:55 Bow Saw
12:48 Heavy Plow
17:38 Wheelbarrow
20:02 Gold Mining
21:07 Hand Cart
24:07 Imperial Age
22:55 Pikeman
24:03 Squires
24:08 Scale Mail Armor
24:18 Forging
24:16 Loom
24:27 Halberdier
25:30 Wootz Steel
25:29 Chain Mail Armor
26:23 Stone Mining
27:06 Plate Mail Armor
27:13 Iron Casting
27:26 Conscription
28:25 Padded Archer Armor
28:16 Fletching
29:30 Chemistry
28:50 Ballistics
30:07 Bodkin Arrow
30:25 Thumb Ring
30:43 Medical Corps
30:59 Leather Archer Armor
31:47 Bracer
32:18 Ring Archer Armor
31:32 Elite Elephant Archer
32:41 Masonry
34:26 Two-Man Saw
37:01 Blast Furnace
37:17 Elite Skirmisher
41:53 Hoardings
RoaZorro
7:24 Feudal Age
11:37 Castle Age
9:29 Double-Bit Axe
9:50 Horse Collar
21:59 Bow Saw
21:53 Heavy Plow
22:32 Wheelbarrow
26:21 Imperial Age
24:50 Forging
24:30 Fletching
25:38 Hand Cart
25:10 Loom
26:09 Masonry
27:01 Chemistry
26:16 Squires
26:01 Arson
25:37 Pikeman
27:24 Bodkin Arrow
28:04 Iron Casting
27:35 Elite Battle Elephant
28:16 Husbandry
29:49 Scale Barding Armor
30:53 Devotion
32:06 Blast Furnace
32:51 Crop Rotation
32:16 Gold Mining
32:19 Stone Mining
35:54 Gold Shaft Mining
35:56 Stone Shaft Mining
37:07 Conscription
36:18 Man-at-Arms
38:19 Long Swordsman
40:56 Elite Karambit Warrior
anat03
8:06 Feudal Age
11:47 Castle Age
10:16 Double-Bit Axe
10:23 Gold Mining
10:14 Horse Collar
10:51 Stone Mining
12:25 Wheelbarrow
13:00 Bow Saw
14:30 Gold Shaft Mining
14:13 Scale Mail Armor
16:27 Loom
18:48 Squires
21:43 Hand Cart
22:06 Stone Shaft Mining
21:40 Heavy Plow
22:33 Stone Shaft Mining
22:40 Stone Shaft Mining
23:41 Chain Mail Armor
23:36 Forging
23:35 Scale Barding Armor
27:00 Imperial Age
25:01 Husbandry
25:11 Bloodlines
25:51 Bloodlines
26:03 Chain Barding Armor
26:25 Forging
28:20 Iron Casting
28:20 Plate Barding Armor
28:22 Conscription
27:34 Heavy Camel Rider
29:01 Block Printing
29:38 Theocracy
28:31 Light Cavalry
30:20 Blast Furnace
30:17 Sanctity
30:11 Fervor
29:40 Imperial Camel Rider
34:08 Hussar
37:15 Grand Trunk Road
43:37 Elite Ghulam
Ruviel
7:37 Feudal Age
11:16 Castle Age
12:26 Double-Bit Axe
14:35 Horse Collar
22:21 Loom
23:20 Wheelbarrow
23:49 Gold Mining
27:50 Hand Cart
30:38 Imperial Age
28:32 Scale Barding Armor
30:44 Chain Barding Armor
31:42 Conscription
30:51 Elite Leitis
32:27 Plate Barding Armor
32:34 Bloodlines
32:24 Husbandry
33:40 Forging
35:01 Iron Casting
34:28 Scale Mail Armor
35:01 Light Cavalry
36:26 Pikeman
37:08 Squires
36:55 Arson
37:29 Bow Saw
37:25 Winged Hussar
41:15 Caravan
43:19 Fletching
43:47 Chain Mail Armor
48:41 Two-Man Saw
Nome(more distinct)
7:43 Feudal Age
8:35 Double-Bit Axe
8:34 Horse Collar
11:15 Castle Age
12:37 Bow Saw
16:02 Wheelbarrow
16:20 Heavy Plow
20:11 Gold Mining
20:50 Hand Cart
21:33 Loom
22:28 Stone Mining
25:51 Imperial Age
23:56 Fletching
24:08 Padded Archer Armor
24:15 Thumb Ring
25:16 Bloodlines
25:06 Husbandry
26:17 Ballistics
26:15 Caravan
27:04 Bodkin Arrow
27:25 Leather Archer Armor
28:16 Chemistry
28:03 Conscription
28:48 Bracer
29:37 Parthian Tactics
29:54 Elite Mangudai
32:02 Scale Barding Armor
32:51 Onager
36:08 Chain Barding Armor
37:51 Light Cavalry
emre_gul19
5:46 Feudal Age
6:55 Wheelbarrow
6:16 Double-Bit Axe
6:18 Horse Collar
6:39 Loom
11:30 Town Watch
12:43 Stone Mining
14:58 Castle Age
13:46 Town Watch
13:46 Loom
16:05 Hand Cart
15:55 Heavy Plow
16:06 Bow Saw
17:17 Hand Cart
16:57 Loom
19:42 Gold Mining
21:15 Gold Shaft Mining
23:34 Kamandaran
24:37 Fletching
24:48 Padded Archer Armor
24:54 Scale Barding Armor
25:23 Crossbowman
26:09 Thumb Ring
26:26 Bodkin Arrow
26:47 Leather Archer Armor
27:09 Forging
30:46 Imperial Age
30:05 Iron Casting
29:50 Chain Barding Armor
30:11 Husbandry
30:22 Bloodlines
30:45 Ballistics
32:11 Conscription
32:59 Plate Barding Armor
34:01 Crop Rotation
34:33 Two-Man Saw
34:37 Chemistry
34:39 Blast Furnace
34:11 Ring Archer Armor
34:03 Light Cavalry
一一
7:21 Feudal Age
11:51 Castle Age
9:40 Double-Bit Axe
11:21 Loom
11:23 Town Watch
13:33 Bow Saw
23:14 Wheelbarrow
24:46 Hand Cart
24:27 Gold Mining
24:29 Stone Mining
28:04 Imperial Age
25:37 Town Patrol
27:52 Scale Barding Armor
27:58 Forging
29:35 Gold Shaft Mining
29:08 Husbandry
28:31 Cavalier
29:13 Chivalry
29:33 Conscription
29:48 Paladin
31:01 Caravan
32:19 Chain Barding Armor
32:36 Iron Casting
32:59 Hoardings
34:09 Plate Barding Armor
34:37 Blast Furnace
35:58 Fletching
36:19 Pikeman
37:00 Squires
36:45 Gambesons
37:05 Scale Mail Armor
37:02 Bodkin Arrow
38:10 Chemistry
37:31 Ballistics
37:07 Murder Holes
37:23 Fortified Wall
37:39 Halberdier
38:44 Chain Mail Armor
41:13 Plate Mail Armor
jusart.92
7:13 Feudal Age
11:40 Castle Age
9:27 Loom
12:49 Bloodlines
15:07 Husbandry
22:43 Imperial Age
23:56 Conscription
25:51 Forging
25:47 Scale Barding Armor
25:07 Light Cavalry
26:13 Double-Bit Axe
31:24 Iron Casting
31:50 Wheelbarrow
31:39 Bow Saw
32:06 Chain Barding Armor
33:34 Hand Cart
34:59 Blast Furnace
35:24 Scale Mail Armor
35:59 Plate Barding Armor
35:13 Elite Jarl
37:03 Chain Mail Armor
36:51 Squires
36:37 Gambesons
36:18 Gothikon
39:01 Plate Mail Armor
37:57 Pikeman
Connection lost

Rejoining the realm…

Still unreachable

The connection could not be restored.

Session expired

The server has moved on; the page needs a fresh start.